 Dungeon Crawl Stone Soup version 0.29-a0-369-gd956c00756 (webtiles) character file.

Game seed: 6894875048362828049

46 lesaewzxc the Skirmisher (level 3, -2/33 HPs)
             Began as a Minotaur Monk on May 1, 2022.
             Was an Initiate of Yredelemnul.
             Slain by an orc
             ... wielding a +0 club
              (4 damage)
             ... on level 3 of the Dungeon.
             The game lasted 00:11:25 (1987 turns).

lesaewzxc the Skirmisher (Minotaur Monk)            Turns: 1987, Time: 00:11:26

Health: -2/33      AC:  2    Str: 15    XL:     3   Next: 44%
Magic:  2/2        EV: 13    Int:  7    God:    Yredelemnul [......]
Gold:   86         SH:  0    Dex: 14    Spells: 2/2 levels left

rFire   . . .      SeeInvis .   f - +1 dagger (vamp)
rCold   . . .      Faith    .   (no shield)
rNeg    . . .      Spirit   .   b - +0 robe
rPois   .          Reflect  .   (helmet restricted)
rElec   .          Harm     .   (no cloak)
rCorr   .          Rampage  .   (no gloves)
Will    .....                   (no boots)
Stlth   ++........              (no amulet)
HPRegen 0.00/turn               (no ring)
MPRegen 0.08/turn               (no ring)

@: inhibited regen
A: horns 2, retaliatory headbutt, inhibited regeneration
a: Renounce Religion, Recall Undead Harvest


You were on level 3 of the Dungeon.
You worshipped Yredelemnul.
Yredelemnul was noncommittal.
You visited 1 branch of the dungeon, and saw 3 of its levels.

You collected 86 gold pieces.

Inventory:

Hand Weapons
 a - a +0 spear
 f - a +1 vampiric dagger (weapon)
Missiles
 k - 2 atropa-tipped darts (quivered)
 l - 6 poisoned darts
Armour
 b - a +0 robe (worn)
 d - a +0 kite shield
 g - a +0 leather armour
Scrolls
 h - a scroll of summoning {unknown}
 i - a scroll of fear {unknown}
 j - 2 scrolls of identify {unknown}
Potions
 c - a potion of ambrosia
 e - a potion of haste {unknown}


   Skills:
 * Level 4.1 Fighting
 + Level 0.0 Short Blades
 * Level 4.1 Polearms
 + Level 0.4(2.5) Staves
 + Level 0.4 Armour
 * Level 3.6 Dodging
 - Level 1.5 Stealth
 * Level 0.3 Spellcasting
 * Level 0.0 Conjurations
 + Level 0.6 Invocations
 + Level 0.4 Evocations


You had 2 spell levels left.
You didn't know any spells.
Your spell library contained the following spells:

 Spells                   Type           Power      Damage    Failure   Level
 Conjure Flame            Conj/Fire      0%         6-21      80%         3
 Ignite Poison            Fire/Tmut/Pois 0%         N/A       80%         3
 Stone Arrow              Conj/Erth      0%         3d7       80%         3
 Animate Armour           Summ/Erth      0%         N/A       99%         4
 Sticky Flame             Conj/Fire      0%         2d3       99%         4
 Lehudib's Crystal Spear  Conj/Erth      0%         10d2      100%        8


Dungeon Overview and Level Annotations

Branches:
Dungeon (3/15)

Altars:
Yredelemnul


Innate Abilities, Weirdness & Mutations

You have a pair of horns on your head.
You reflexively headbutt those who attack you in melee.
You do not regenerate when monsters are visible.


Message History

You climb downwards.
Your mindless puppet stays behind to rot.
Found 5 gold pieces.
There is a stone staircase leading up here.
You now have 83 gold pieces (gained 5).
Found a buckler.
Found 3 gold pieces.
Found an Everburning Encyclopedia.
You now have 86 gold pieces (gained 3).
You pick up an Everburning Encyclopedia and begin reading...
You add the spells Conjure Flame, Ignite Poison and Sticky Flame to your library.
Okay, then.
Okay, then.
An orc comes into view. It is wielding a +0 club.
The orc shouts!
You hear a shout! x2
A gnoll comes into view. It is wielding a +0 whip.
A gnoll comes into view. It is wielding a +0 club.
The orc hits you but does no damage.
The gnoll throws a throwing net.
The throwing net hits you.
You become entangled in the net!
A gnoll comes into view. It is wielding a +0 spear.
The orc hits you with a +0 club.
You see here a throwing net.
You struggle against the net.
The orc hits you but does no damage.
You struggle against the net.
The orc hits you with a +0 club.
You struggle against the net.
The gnoll hits you with a +0 club.
The gnoll hits you from afar with a +0 spear.
A gnoll comes into view. It is wielding a +0 spear.
The gnoll hits you with a +0 whip. The orc hits you with a +0 club.
You struggle against the net.
The gnoll hits you but does no damage. The gnoll hits you with a +0 club!
* * * LOW HITPOINT WARNING * * *
The gnoll hits you from afar with a +0 spear.
* * * LOW HITPOINT WARNING * * *
The orc hits you with a +0 club.
* * * LOW HITPOINT WARNING * * *
You rip the net and break free!
The gnoll barely misses you. x2
The gnoll misses you. The orc hits you with a +0 club.
You die...
Your body rises from the dead as a mindless zombie.

# ### ### #.#.....
.#.#.# .... ######
########g##.#.#
#....###......@gg....#
#........#####o.###.##
#........# #.##
#........# #..
#........########
#............#########.#
#....#.............<...#
#....#.............###.#
######[............#


You could see 3 gnolls and an orc.

Vanquished Creatures
  2 bats (D:1)
  An endoplasm (D:2)
  2 giant cockroaches
  7 goblins (D:1)
  3 hobgoblins (D:1)
  5 kobolds
  A quokka (D:2)
  7 ball pythons (D:1)
  4 rats
32 creatures vanquished.

Vanquished Creatures (collateral kills)
  2 endoplasms (D:2)
  A goblin (D:1)
  A hobgoblin (D:2)
  2 frilled lizards (D:2)
  A kobold (D:1)
  A rat (D:2)
8 creatures vanquished.

Grand Total: 40 creatures vanquished

Notes
Turn   | Place    | Note
-------+----------+-------------------------------------------
     0 | D:1      | lesaewzxc the Minotaur Monk began the quest for the Orb.
     0 | D:1      | Reached XP level 1. HP: 19/19 MP: 0/0
   196 | D:1      | Reached XP level 2. HP: 18/27 MP: 1/1
   524 | D:1      | Gained mutation: You do not regenerate when monsters are
                  | visible. [potion of mutation]
   524 | D:1      | Gained mutation: You are frail. (-10% HP) [potion of
                  | mutation]
   524 | D:1      | Lost mutation: You are frail. (-10% HP) [potion of
                  | mutation]
   568 | D:1      | Found a faded altar of an unknown god.
   574 | D:1      | Prayed at the altar of an unknown god.
   574 | D:1      | Became a worshipper of Yredelemnul the Dark
   574 | D:1      | Reached * piety under Yredelemnul
  1380 | D:1      | Reached XP level 3. HP: 33/33 MP: 2/2
  1987 | D:3      | Slain by an orc

Illustrated notes

Levels and vault maps discovered:
D:1:      saegor_arrival_simple_b, layout_basic,
          shapermc_ecumenical_altar_mp_vishouse
D:2:      layout_rooms, serial_forest, infiniplex_forest_end_2,
          infiniplex_forest_lined_room_, infiniplex_forest_side_room,
          infiniplex_forest_straight_2, infiniplex_forest_straight_2
D:3:      layout_basic, gammafunk_temple_overflow_statue

Skill      XL: |  1  2 |
---------------+-------+-----
Fighting       | 4 |  4.1
Polearms       | 4 |  4.1
Staves         | |  0.4
Armour         | |  0.4
Dodging        | |  3.6
Stealth        | |  1.5
Spellcasting   | |  0.3
Invocations    | |  0.6
Evocations     | |  0.4

Action                   || total
-------------------------++-------
Melee: Spear             ||    19
       Headbutt          ||     8
       Dagger            ||    53
Invok: Recall Undead Har ||     1
  Use: Potion            ||     2
 Stab: Sleeping          ||     1
Armor: Robe              ||    13
Dodge: Dodged            ||    59

Table legend: (Time is in decaauts)
 A = Elapsed time spent in this place.
 B = Non-inter-level travel time spent in this place.
 C = Inter-level travel time spent in this place.
 D = Time resting spent in this place.
 E = Time spent auto-exploring this place.
 F = Levels seen in this place.
 G = Mean time per level.
                   A        B        C        D        E       F      G
               +--------+--------+--------+--------+--------+-----+--------+
         Total |   1984 |   1984 |      0 |      0 |    576 |   3 |  661.3 |
       Dungeon |   1984 |   1984 |      0 |      0 |    576 |   3 |  661.3 |
               +--------+--------+--------+--------+--------+-----+--------+

Top non-repeatable levels by time:
     D:1: 1613 daAuts
     D:2: 323 daAuts
     D:3: 46 daAuts
